AoeStats
← chen_yang90

Oasis

508479022Analyzed
2v2 RM · 9d ago on Sep 22, 2026· 40m 14s· 4 players
Game mode
Random Map
Map size
Medium (4 player)
Population
200
Speed
Normal
Resources
Standard
Victory
Conquest
Starting age
Dark Age
Ending age
Imperial Age
RankedLock teamsTeams togetherTeam positionsShared explorationLock speedFull tech treeHidden civsTurbo modeCheats
Victory
Defeat
🇩🇪 Varangians · Germany
1195
+14
🇩🇪 Danes · Germany
1134
+16
🇩🇪 Teutons · Germany
1140
-15
🇩🇪 Hindustanis · Germany
1140
-15
chen_yang90
0:26 Loom
2:38 Loom
12:29 Feudal Age
12:56 Horse Collar
14:48 Double-Bit Axe
22:27 Castle Age
25:59 Wheelbarrow
28:12 Bow Saw
35:09 Gold Mining
36:05 Heavy Plow
36:51 Bloodlines
37:55 Forging
38:26 Scale Barding Armor
Dr.KoMi
7:39 Loom
9:56 Feudal Age
11:11 Double-Bit Axe
11:11 Horse Collar
11:41 Gold Mining
17:09 Fletching
18:41 Padded Archer Armor
21:18 Castle Age
25:52 Wheelbarrow
26:15 Bodkin Arrow
32:13 Imperial Age
31:18 Fortified Wall
31:24 Town Watch
34:16 Chemistry
33:56 Leather Archer Armor
36:20 Bow Saw
36:10 Heavy Plow
36:58 Gold Shaft Mining
Töm
7:03 Loom
9:17 Feudal Age
9:51 Double-Bit Axe
9:59 Horse Collar
18:33 Wheelbarrow
21:30 Castle Age
21:14 Arson
24:34 Bow Saw
24:29 Gambesons
25:24 Squires
30:40 Scale Mail Armor
33:23 Town Watch
33:54 Hand Cart
34:20 Chain Mail Armor
36:46 Forging
36:39 Hamask
Dirk
4:54 Loom
11:21 Feudal Age
13:47 Man-at-Arms
17:45 Forging
18:59 Scale Mail Armor
19:50 Double-Bit Axe
23:07 Arson
25:31 Gold Mining
28:13 Castle Age
26:13 Stone Mining
26:05 Horse Collar
29:39 Bow Saw
30:29 Iron Casting
36:01 Imperial Age
35:06 Chain Mail Armor
36:21 Ballistics
36:01 Murder Holes
38:18 Blast Furnace
Connection lost

Rejoining the realm…

Still unreachable

The connection could not be restored.

Session expired

The server has moved on; the page needs a fresh start.